 Dungeon Crawl Stone Soup version 0.24-a0-201-gf205589 (webtiles) character file.

Game seed: 8227364233036929864

535 Ijustatesigmund the Conjurer (level 7, -3/45 HPs)
             Began as an Octopode Wizard on Mar 21, 2019.
             Was an Initiate of Cheibriados.
             Slain by an ice beast (11 damage)
             ... on level 5 of the Dungeon.
             The game lasted 00:13:58 (7926 turns).

Ijustatesigmund the Conjurer (Octopode Wizard)      Turns: 7926, Time: 00:14:00

Health: -3/45      AC:  2    Str:  8    XL:     7   Next: 25%
Magic:  6/11       EV: 13    Int: 22    God:    Cheibriados [......]
Gold:   223        SH:  0    Dex: 12    Spells: 1/12 levels left

rFire    . . .     SeeInvis .   e - +1 whip
rCold    . . .     Gourm    .   (no shield)
rNeg     + . .     Faith    .   a - +1 hat
rPois    .         Spirit   .   (no amulet)
rElec    .         Reflect  .   j - ring of positive energy
rCorr    .         Harm     .   n - ring of flight
MR       .....                  (no ring)
Stlth    ++........             (no ring)
HPRegen  0.15/turn              (no ring)
MPRegen  0.12/turn              (no ring)
                                (no ring)
                                (no ring)

@: confused, very slightly contaminated, very slow
A: almost no armour, stealthy swim, amphibious, 8 rings, constrict 8, camouflage
1, gelatinous body 1
a: Bend Time, Renounce Religion, Evoke Flight


You were on level 5 of the Dungeon.
You worshipped Cheibriados.
Cheibriados was noncommittal.
You were not hungry.

You visited 2 branches of the dungeon, and saw 6 of its levels.

You collected 223 gold pieces.

Inventory:

Hand Weapons
 d - a +0 hunting sling
 e - a +1 whip (weapon)
 m - a +0 flail
Missiles
 k - 44 sling bullets
Armour
 a - a +1 hat (worn)
Jewellery
 j - a ring of positive energy (left tentacle)
 n - a ring of flight (right tentacle)
Scrolls
 b - a scroll of magic mapping
 g - a scroll of immolation
 h - 2 scrolls of teleportation
 p - a scroll of amnesia
Potions
 i - 2 potions of flight
 o - a potion of berserk rage
 q - a potion of mutation {unknown}
 r - a potion of lignification {unknown}
Comestibles
 c - 6 rations


   Skills:
 - Level 2.5 Fighting
 - Level 2.7 Maces & Flails
 - Level 2.0 Dodging
 + Level 2.7 Stealth
 - Level 3.0 Spellcasting
 - Level 3.2 Conjurations
 + Level 2.3 Hexes
   Level 1.0 Summonings
 - Level 2.7 Translocations
 - Level 2.2 Fire Magic
 + Level 2.2 Ice Magic
 + Level 0.0 Invocations


You had one spell level left.
You knew the following spells:

 Your Spells              Type           Power        Failure   Level  Hunger
a - Magic Dart            Conj           ###.         3%          1    None
b - Blink                 Tloc           N/A          6%          2    ##.....
c - Conjure Flame         Conj/Fire      ###.....     12%         3    ###....
d - Ensorcelled Hibernat  Hex/Ice        ##....       8%          2    ##.....
e - Mephitic Cloud        Conj/Pois/Air  #.......     24%         3    ###....

Your spell library contained the following spells:

 Spells                   Type           Power        Failure   Level  Hunger
 Corona                   Hex            ##.....      4%          1    None
 Animate Skeleton         Necr           N/A          12%         1    None
 Pain                     Necr           #...         12%         1    None
 Slow                     Hex            ##......     8%          2    ##.....
 Call Imp                 Summ           #.......     12%         2    ##.....
 Dazzling Spray           Conj/Hex       ###...       12%         3    ###....
 Confuse                  Hex            ##......     14%         3    ###....
 Tukima's Dance           Hex            ##......     14%         3    ###....
 Regeneration             Chrm/Necr      #.........   36%         3    ###....
 Vampiric Draining        Necr           #.........   36%         3    ###....
 Animate Dead             Necr           N/A          77%         4    ####...


Dungeon Overview and Level Annotations

Branches:
Dungeon (5/15)             Temple (1/1) D:5

Altars:
Cheibriados
Dithmenos
Elyvilon
Fedhas
Hepliaklqana
Makhleb
Sif Muna
Trog
Uskayaw
Vehumet
Wu Jian
Xom
Yredelemnul
Zin
The Shining One


Innate Abilities, Weirdness & Mutations

You cannot wear most types of armour.
You are very stealthy in the water. (Stealth+)
You are amphibious.
You can wear up to eight rings at the same time.
You can use your tentacles to constrict eight enemies at once.
Your skin changes colour to match your surroundings (Stealth+).
Your rubbery body absorbs attacks. (AC +1, EV +1)


Message History

The ice beast is moderately wounded.
The ice beast hits you. The ice beast freezes you.
You hit the ice beast but do no damage.
The ice beast is moderately wounded.
The ice beast closely misses you.
You hit the ice beast but do no damage.
The ice beast is moderately wounded.
The ice beast closely misses you.
You closely miss the ice beast.
The ice beast is moderately wounded.
The ice beast hits you. The ice beast freezes you!
* * * LOW HITPOINT WARNING * * *
You hit the ice beast. Your squeeze misses the ice beast.
The ice beast is heavily wounded.
The ice beast closely misses you.
You are confused.
You feel invigorated. The ice beast hits you.
* * * LOW HITPOINT WARNING * * *
The ice beast freezes you!
You die...

.... ....... #......>..#
###+ #.........# #....
.........# #.....###
##[......##
+.._..'.#####.........#
#.....#Y@)............##
#.... #######..........#
###+ #..).......#
#.<.....⌠8.#
##.........##
##...>.⌠8... #####
###......## #...#
###.⌠8.##
#'#.#########....##


You could see an ice beast.

Vanquished Creatures
  An ogre (D:5)
  A scorpion (D:4)
  Crazy Yiuf (D:4)
  An orc priest (D:3)
  3 orc wizards
  Jessica (D:2)
  Terence (D:2)
  An iguana (D:4)
  2 worker ants (D:4)
  4 adders
  2 oozes
  A worm (D:2)
  A dart slug (D:1)
  A leopard gecko (D:3)
  15 orcs
  A ball python (D:1)
  2 giant cockroaches (D:3)
  6 goblins
  10 hobgoblins
  4 jackals (D:3)
  3 quokkas
  7 bats
  7 frilled lizards
  6 kobolds
  5 rats
87 creatures vanquished.

Notes
Turn   | Place    | Note
-------+----------+-------------------------------------------
     0 | D:1      | Ijustatesigmund the Octopode Wizard began the quest for the
                  | Orb.
     0 | D:1      | Reached XP level 1. HP: 11/11 MP: 4/4
   358 | D:1      | Reached skill level 1 in Fighting
   358 | D:1      | Reached XP level 2. HP: 18/18 MP: 0/6
   832 | D:1      | Learned a level 2 spell: Blink
  1324 | D:2      | Reached XP level 3. HP: 23/23 MP: 0/7
  1392 | D:2      | Learned a level 3 spell: Conjure Flame
  1858 | D:2      | Noticed Terence
  2361 | D:2      | Killed Terence
  2361 | D:2      | Reached skill level 1 in Fire Magic
  2361 | D:2      | Reached XP level 4. HP: 9/29 MP: 1/8
  2748 | D:2      | Found a deep blue altar of Sif Muna.
  2750 | D:2      | Noticed Jessica
  2763 | D:2      | Killed Jessica
  3157 | D:2      | Reached XP level 5. HP: 13/35 MP: 7/9
  4197 | D:3      | Found a radiant altar of Vehumet.
  5146 | D:3      | Reached skill level 1 in Maces & Flails
  5146 | D:3      | Reached XP level 6. HP: 25/41 MP: 3/10
  5413 | D:4      | Learned a level 2 spell: Ensorcelled Hibernation
  5756 | D:4      | Found a runed translucent door.
  5757 | D:4      | Noticed Crazy Yiuf
  5768 | D:4      | Killed Crazy Yiuf
  6122 | D:4      | Reached skill level 1 in Hexes
  6122 | D:4      | Reached skill level 1 in Ice Magic
  6942 | D:4      | Learned a level 3 spell: Mephitic Cloud
  6951 | D:4      | Reached XP level 7. HP: 39/45 MP: 1/11
  7321 | D:4      | Found a white marble altar of Elyvilon.
  7321 | D:4      | Found a shadowy altar of Dithmenos.
  7516 | D:5      | Entered Level 5 of the Dungeon
  7516 | D:5      | Found a staircase to the Ecumenical Temple.
  7706 | Temple   | Entered the Ecumenical Temple
  7830 | Temple   | Became a worshipper of Cheibriados the Contemplative
  7871 | D:5      | Found a hide-covered altar of Uskayaw.
  7902 | D:5      | Found a hazy altar of Hepliaklqana.
  7926 | D:5      | Slain by an ice beast

Levels and vault maps discovered:
D:1:      dpeg_arrival_short_road, layout_basic
D:2:      layout_loops_ring, lemuel_round_altar, uniq_terence, uniq_jessica
D:3:      layout_loops_cross, nicolae_overflow_hidden_temple, first_ration
D:4:      layout_loops_corners, gammafunk_temple_overflow_wave,
          uniq_crazy_yiuf_cottage
D:5:      layout_rooms, kennysheep_little_box, kennysheep_mini,
          minmay_temple_entry_drinking_statues, serial_shops,
          nicolae_shop_overgrown_old_shop
Temple:   nicolae_temple_figure_zero

Skill      XL: |  1  2  3  4  5  6  7 |
---------------+----------------------+-----
Fighting       | 1 2 |  2.5
Conjurations   | 2 3 |  3.2
Fire Magic     | 1 2 |  2.2
Translocations | 2 |  2.7
Maces & Flails | 1 2 |  2.7
Hexes          | 1 2 |  2.3
Ice Magic      | 1 2 |  2.2
Dodging        | |  2.0
Stealth        | |  2.7
Spellcasting   | |  3.0
Summonings     | |  1.0

Action                   |  1- 3 |  4- 6 |  7- 9 || total
-------------------------+-------+-------+-------++-------
Melee: Unarmed           |     3 |       |       ||     3
       Constrict         |     5 |    15 |     1 ||    21
       Whip              |    25 |    68 |    17 ||   110
       Tentacles         |     8 |    15 |     2 ||    25
 Cast: Magic Dart        |    68 |   119 |     9 ||   196
       Blink             |     1 |     2 |       ||     3
       Conjure Flame     |       |     2 |     1 ||     3
       Ensorcelled Hiber |       |     4 |     1 ||     5
       Mephitic Cloud    |       |     1 |     1 ||     2
  Use: Scroll            |     7 |     5 |     3 ||    15
       Potion            |     1 |     2 |     1 ||     4
 Stab: Sleeping          |       |     4 |       ||     4
       Confused          |       |       |     2 ||     2
  Eat: Chunk             |     4 |     8 |       ||    12
       Ration            |       |     2 |     1 ||     3
Armor: Skin              |     7 |    10 |     1 ||    18
Dodge: Dodged            |    27 |    81 |     8 ||   116

Table legend:
 A = Non-vault XP
 B = Vault XP
 C = Vault XP percentage of total XP
 D = Non-vault monster count
 E = Vault monster count
 F = Vault count percentage of total count
                 A         B        C        D         E       F
            +---------+---------+-------+---------+---------+-------
      Total |     648 |     117 |  15.3 |      84 |       3 |   3.4
            +---------+---------+-------+---------+---------+-------
        D:1 |      28 |       0 |   0.0 |      14 |       0 |   0.0
        D:2 |     106 |      73 |  40.8 |      24 |       2 |   7.7
        D:3 |      94 |       0 |   0.0 |      27 |       0 |   0.0
        D:4 |     296 |      44 |  12.9 |      17 |       1 |   5.6
        D:5 |     124 |       0 |   0.0 |       2 |       0 |   0.0
            +---------+---------+-------+---------+---------+-------
